 Dungeon Crawl Stone Soup version 0.25.0-45-g978344163c (console) character file.

Game seed: 8879053352242258590

1173 Kagalorn the Fighter (level 8, 0/77 HPs)
             Began as a Hill Orc Gladiator on July 11, 2020.
             Slain by a wight
             ... wielding a +0 great sword
              (6 damage)
             ... on level 6 of the Dungeon.
             The game lasted 00:14:07 (5161 turns).

Kagalorn the Fighter (Hill Orc Gladiator)           Turns: 5161, Time: 00:14:08

Health: 0/77       AC:  6    Str: 17    XL:     8   Next: 41%
Magic:  8/8        EV: 11    Int: 10    God:
Gold:   261        SH:  0    Dex: 12    Spells: 7/7 levels left

rFire    . . .     SeeInvis .   b - +1 dagger (venom)
rCold    . . .     Gourm    .   (no shield)
rNeg     . . .     Faith    .   c - +0 leather armour
rPois    .         Spirit   .   y - +0 helmet
rElec    .         Reflect  .   (no cloak)
rCorr    .         Harm     .   z - +0 pair of gloves
MR       .....                  j - +0 pair of boots
Stlth    +.........             (no amulet)
HPRegen  0.22/turn              (no ring)
MPRegen  0.11/turn              (no ring)

@: very heavily drained
A: no striking features
a: no special abilities


You were on level 6 of the Dungeon.
You were not hungry.

You visited 1 branch of the dungeon, and saw 6 of its levels.
You also visited: Sewer.

You collected 261 gold pieces.

Inventory:

Hand Weapons
 a - a +0 long sword
 b - a +1 dagger of venom (weapon)
 k - a +0 rapier
 n - a +0 mace of holy wrath
 v - a +0 flail
 x - a +0 spear
 A - a +0 hand axe
 B - a cursed -2 falchion
 E - a +3 flail of draining
Missiles
 d - 3 throwing nets (quivered)
 e - 145 stones
Armour
 c - a +0 leather armour (worn)
 j - a +0 pair of boots (worn)
 y - a +0 helmet (worn)
 z - a +0 pair of gloves (worn)
Jewellery
 u - an uncursed ring of fire
Wands
 D - a wand of acid (7)
 F - a wand of iceblast (6)
Scrolls
 g - 3 scrolls of fog {unknown}
 h - 3 scrolls of remove curse
 l - 2 scrolls of enchant weapon {unknown}
 o - 3 scrolls of teleportation {unknown}
 p - 3 scrolls of magic mapping
 q - a scroll of enchant armour {unknown}
 t - 2 scrolls of fear {unknown}
 w - a scroll of amnesia {unknown}
Potions
 i - 4 potions of curing
 m - 2 potions of brilliance
 r - 4 potions of heal wounds
 s - 2 potions of berserk rage
 C - a potion of cancellation
Comestibles
 f - 7 rations


   Skills:
 + Level 8.9(4.9) Fighting
 - Level 6.0(2.2) Long Blades
 + Level 3.3(1.0) Axes
 + Level 2.7(0.0) Maces & Flails
 + Level 2.7(0.0) Polearms
 - Level 1.7(0.0) Throwing
 - Level 2.4(0.0) Dodging


You had 7 spell levels left.
You didn't know any spells.
Your spell library was empty.

Dungeon Overview and Level Annotations

Branches:
Dungeon (6/15)              Sewer (visited)
 Temple: D:4-7

Altars:
Ashenzari
Okawaru
Wu Jian
Zin

Shops:
D:4 =   D:5 :

Annotations:
D:5 1 runed translucent door, hallab's ghost, novice DrBe


Message History

You barely miss the wight.
The wight is severely damaged.
The wight barely misses you.
You hit the wight but do no damage.
The wight is severely damaged.
The wight completely misses you.
You hit the wight but do no damage.
The wight is severely damaged.
The wight barely misses you.
You hit the wight.
The wight is severely damaged.
The wight closely misses you.
You hit the wight.
The wight is severely damaged.
You hit the wight.
The wight is almost destroyed.
The wight hits you with a +0 great sword!
* * * LOW HITPOINT WARNING * * *
You feel drained.
You die...

###############
#.............###.###
#.#####..............
#.#####...###@######
#.........# #z# .
#.........# #z## #
#.........# #..# #
####..##.#...###..'..$$#
#
......##.<.......##..z$#
# ##....###.#..#####
.._.# # ##....###.#..#
...# # .#...........#
####### #


You could see 2 wights.

Vanquished Creatures
  Edmund (D:5)
  2 phantoms
  2 ogres
  2 wights (D:6)
  A crimson imp (D:5)
  A bullfrog zombie (D:5)
  A hound (D:4)
  An orc priest (D:3)
  6 orc wizards
  Ijyb (D:5)
  Terence (D:3)
  3 worker ants
  Robin (D:2)
  4 adders
  4 river rats (Sewer)
  An ooze (D:6)
  An adder skeleton (D:4)
  7 worms
  A leopard gecko (D:2)
  16 orcs
  5 ball pythons
  5 bats
  5 giant cockroaches
  13 goblins
  8 hobgoblins
  3 jackals (D:2)
  11 frilled lizards
  A jackal skeleton (D:5)
  2 kobolds (D:3)
  A leopard gecko skeleton (D:5)
  A quokka skeleton (D:6)
  9 rats
121 creatures vanquished.

Notes
Turn   | Place    | Note
-------+----------+-------------------------------------------
     0 | D:1      | Kagalorn the Hill Orc Gladiator began the quest for the
                  | Orb.
     0 | D:1      | Reached XP level 1. HP: 18/18 MP: 1/1
   266 | D:2      | Reached XP level 2. HP: 25/25 MP: 2/2
   386 | D:2      | Reached skill level 3 in Fighting
   386 | D:2      | Reached XP level 3. HP: 17/31 MP: 3/3
  1010 | D:2      | Reached XP level 4. HP: 38/38 MP: 4/4
  1262 | D:3      | Reached skill level 5 in Long Blades
  1288 | D:3      | Noticed Terence
  1299 | D:3      | Killed Terence
  1299 | D:3      | Reached skill level 4 in Fighting
  1299 | D:3      | Reached XP level 5. HP: 34/46 MP: 5/5
  1352 | D:3      | Found a glowing drain.
  1442 | Sewer    | Entered a sewer
  1785 | Sewer    | Reached XP level 6. HP: 51/55 MP: 6/6
  1863 | Sewer    | Reached skill level 5 in Fighting
  2077 | D:3      | Noticed Robin
  2096 | D:2      | Killed Robin
  2402 | D:3      | Noticed a phantom
  2422 | D:3      | Killed a phantom
  2422 | D:3      | Reached skill level 6 in Fighting
  2445 | D:3      | Reached XP level 7. HP: 55/64 MP: 7/7
  2723 | D:4      | Reached skill level 7 in Fighting
  2741 | D:4      | Found an ornate altar of the Wu Jian Council.
  2751 | D:4      | Found Ponkukh's Jewellery Shoppe.
  3117 | D:4      | Reached skill level 8 in Fighting
  3369 | D:4      | Found an iron altar of Okawaru.
  3841 | D:5      | Entered Level 5 of the Dungeon
  3974 | D:5      | Noticed Edmund
  4003 | D:5      | Killed Edmund
  4003 | D:5      | Reached skill level 1 in Axes
  4003 | D:5      | Reached skill level 1 in Maces & Flails
  4003 | D:5      | Reached skill level 1 in Polearms
  4253 | D:5      | Reached XP level 8. HP: 69/75 MP: 8/8
  4349 | D:5      | Found Ryud's Book Shoppe.
  4484 | D:5      | Noticed hallab's ghost (novice DrBe)
  4487 | D:5      | Found a runed translucent door.
  4507 | D:5      | Noticed Ijyb
  4526 | D:5      | Killed Ijyb
  4922 | D:6      | Found a shattered altar of Ashenzari.
  5083 | D:6      | Found a glowing silver altar of Zin.
  5161 | D:6      | Slain by a wight

Illustrated notes

Levels and vault maps discovered:
D:1:      mainiacjoe_arrival_reflecting_pool, layout_basic, interstate_on_off,
          chequers_serial_rivers_small_a
D:2:      layout_basic, chequers_arboretum
D:3:      layout_basic, cheibrodos_sewer_entry_bend, uniq_terence, uniq_robin
D:4:      layout_loops_ring, lemuel_doored_altar, okawaru_ov_weapons_minmay,
          serial_shops, shop, first_ration
D:5:      layout_loops_cross, serial_shops, shop,
          hellmonk_ghost_happy_afterlife, uniq_ijyb, uniq_edmund
D:6:      layout_loops_corners, grunt_temple_overflow_gold_and_silver,
          ashenzari_altar_1, kennysheep_mini_moat, minmay_misc_feat_square,
          uniq_sigmund, uniq_eustachio

Skill      XL: |  1  2  3  4  5  6  7  8 |
---------------+-------------------------+-----
Long Blades    | 4 5 6 |  6.0
Fighting       | 3 4 6 8 |  8.9
Axes           | 1 3 |  3.3
Maces & Flails | 1 2 |  2.7
Polearms       | 1 2 |  2.7
Throwing       | |  1.7
Dodging        | |  2.4

Action                   |  1- 3 |  4- 6 |  7- 9 || total
-------------------------+-------+-------+-------++-------
Melee: Long sword        |    76 |   158 |    29 ||   263
       Dagger            |       |    17 |   221 ||   238
Evoke: Wand              |       |       |     1 ||     1
  Use: Scroll            |       |       |     8 ||     8
 Stab: Sleeping          |       |     3 |       ||     3
  Eat: Chunk             |       |     5 |     3 ||     8
       Ration            |       |       |     2 ||     2
Armor: Leather armour    |    19 |    45 |    42 ||   106
Dodge: Dodged            |    43 |   100 |    98 ||   241
       Rpst.: Long sword |    14 |    33 |     7 ||    54
